 Dungeon Crawl Stone Soup version 0.20.1-1-g8b1a95d (webtiles) character file.

53 empire the Sneak (level 3, -4/24 HPs)
             Began as a Vampire Enchanter on Sept 12, 2017.
             Slain by a worm (7 damage)
             ... on level 2 of the Dungeon.
             The game lasted 00:03:07 (1666 turns).

empire the Sneak (Vampire Enchanter)                Turns: 1666, Time: 00:03:07

Health: -4/24      AC:  2    Str:  7    XL:     3   Next: 62%
Magic:  6/6        EV: 13    Int: 17    God:
Gold:   146        SH:  0    Dex: 15    Spells: 5/6 levels left

rFire    . . .     SeeInvis +   a - +1 dagger
rCold    + . .     Gourm    .   (no shield)
rNeg     + + .     Faith    .   b - +0 robe
rPois    +         Spirit   .   (no helmet)
rElec    .         Reflect  .   (no cloak)
rCorr    .         Harm     .   (no gloves)
MR       .....                  (no boots)
Stlth    ++++......             (no amulet)
Regen    0.1/turn               (no ring)
MPRegen  0.1/turn               (no ring)

@: regenerating slowly
A: fangs 3, see invisible, unbreathing
a: Bat Form


You were on level 2 of the Dungeon.
You were thirsty.

You visited 1 branch of the dungeon, and saw 2 of its levels.

You collected 146 gold pieces.

Inventory:

Hand Weapons
 a - a +1 dagger (weapon)
Armour
 b - a +0 robe (worn)
 i - a cursed +0 ring mail
Jewellery
 k - an uncursed ring of poison resistance {unknown}
Scrolls
 e - a scroll of magic mapping {unknown}
 h - 2 scrolls of enchant armour {unknown}
Potions
 d - 3 potions of blood
 f - a potion of haste {unknown}
 g - a potion of invisibility {unknown}
 j - 2 potions of heal wounds {unknown}
Books
 c - a book of Maledictions

   Spells                             Type                      Level
   a - Corona                         Hexes                        1
   b - Ensorcelled Hibernation        Hexes/Ice                    2
   c - Confuse                        Hexes                        3
   d - Tukima's Dance                 Hexes                        3
   e - Dazzling Spray                 Conjuration/Hexes            3


   Skills:
 + Level 1.9 Short Blades
 + Level 2.5 Dodging
 + Level 5.3 Stealth
 + Level 2.4 Spellcasting
 + Level 4.9 Hexes


You had 5 spell levels left.
You knew the following spells:

 Your Spells              Type           Power        Failure   Level  Hunger
a - Corona                Hex            ###....      2%          1    #......


Dungeon Overview and Level Annotations

Branches:
Dungeon (2/15)

Altars:
Lugonu

Portals:
Abyss: D:1


Innate Abilities, Weirdness & Mutations

You heal slowly.
You have razor-sharp teeth.
You have supernaturally acute eyesight. (SInv)
You can survive without breathing.


Message History

You see here 10 gold pieces.
You now have 146 gold pieces (gained 10).
The worm closely misses you.
You hit the worm but do no damage. You barely miss the worm.
The worm bites you.
You hit the worm.
The worm is lightly wounded.
You barely miss the worm.
The worm is lightly wounded.
The worm barely misses you.
You hit the worm.
The worm is lightly wounded.
You hit the worm but do no damage. You bite the worm, but do no damage.
The worm is lightly wounded.
The worm bites you!
* * * LOW HITPOINT WARNING * * *
You hit the worm.
The worm is lightly wounded.
The worm bites you!
You die...

..........# ...#
......######...#.# #.
##.#..# #...#.# .
...#..# #...#.# .# .
....†.# #...#.##.##.#
#..#.#######.?.#.......#
.....#...)...........#
#....................#
##...#..........@w...#
.....#######$..#######
###.## #...# #. #...# #.
####...# #. #....#.#
#.##...# # #####


You could see a worm.

Vanquished Creatures
  An adder (D:2)
  3 dart slugs (D:1)
  A leopard gecko (D:1)
  6 bats
  2 giant cockroaches (D:1)
  A goblin (D:1)
  7 hobgoblins
  5 frilled lizards
  4 kobolds
  7 rats (D:1)
37 creatures vanquished.

Notes
Turn   | Place    | Note
-------+----------+-------------------------------------------
     0 | D:1      | empire the Vampire Enchanter began the quest for the Orb.
     0 | D:1      | Reached XP level 1. HP: 13/13 MP: 3/3
   263 | D:1      | Found a one-way gate to the infinite horrors of the Abyss.
   263 | D:1      | Found a corrupted altar of Lugonu.
   263 | D:1      | Noticed a quasit
   263 | D:1      | Noticed a demonic crawler
   263 | D:1      | Noticed an iron imp
   263 | D:1      | Noticed a demonic crawler
   263 | D:1      | Noticed a quasit
   263 | D:1      | Noticed a quasit
   276 | D:1      | Noticed an iron imp
   639 | D:1      | Reached XP level 2. HP: 18/19 MP: 5/5
   803 | D:1      | Reached skill level 5 in Stealth
   950 | D:1      | Reached XP level 3. HP: 14/24 MP: 6/6
  1130 | D:1      | Noticed an ogre
  1666 | D:2      | Slain by a worm

Skill      XL: |  1  2 |
---------------+-------+-----
Stealth        | 5 |  5.3
Short Blades   | |  1.9
Dodging        | |  2.5
Spellcasting   | |  2.4
Hexes          | |  4.9

Action                   || total
-------------------------++-------
Melee: Dagger            ||   122
       Bite              ||     5
 Cast: Corona            ||     2
  Use: Potion            ||     1
 Stab: Distracted        ||     1
       Sleeping          ||    12
Armor: Robe              ||    25
Dodge: Dodged            ||    68
